 Dungeon Crawl Stone Soup version 0.28-a0-948-gee6e0bcda6 (webtiles) character file.

Game seed: 1644465754790401261

235 AarnesTheHuman the Chucker (level 6, -6/63 HPs)
             Began as an Ogre Hunter on Nov 30, 2021.
             Mangled by a phantom (8 damage)
             ... on level 3 of the Dungeon.
             The game lasted 00:06:36 (3949 turns).

AarnesTheHuman the Chucker (Ogre Hunter)            Turns: 3949, Time: 00:06:37

Health: -6/63      AC:  3    Str: 18 (19) XL:     6   Next: 5%
Magic:  6/6        EV:  9    Int:  9 (12) God:
Gold:   157        SH:  0    Dex:  8 (9)  Spells: 5/5 levels left

rFire   . . .      SeeInvis .   a - +0 short sword (speed)
rCold   . . .      Faith    .   (no shield)
rNeg    . . .      Spirit   .   o - +0 robe
rPois   .          Reflect  .   (helmet restricted)
rElec   .          Harm     .   (no cloak)
rCorr   .          Rampage  .   (gloves unavailable)
Will    .....                   (boots unavailable)
Stlth   ++........              (no amulet)
HPRegen 0.20/turn               (no ring)
MPRegen 0.10/turn               (no ring)

@: no status effects
A: large, unfitting armour, tough skin 1
a: no special abilities


You were on level 3 of the Dungeon.
You visited 1 branch of the dungeon, and saw 4 of its levels.

You collected 157 gold pieces.

Inventory:

Hand Weapons
 a - a +0 short sword of speed (weapon)
 b - a +0 hunting sling
 k - a +1 short sword
 u - a +0 whip
 v - a +0 dagger
 x - a +0 vampiric short sword
Missiles
 j - 89 stones (quivered)
 l - a javelin
 t - 6 sling bullets
Armour
 o - a +0 robe (worn)
Magical Staves
 e - a staff of poison
 m - a staff of death
Wands
 q - a wand of flame (15)
 w - a wand of digging (4)
Scrolls
 g - a scroll of identify {unknown}
 n - a scroll of amnesia {unknown}
 s - a scroll of fear {unknown}
Potions
 f - a potion of might {unknown}
 h - a potion of degeneration
 i - a potion of cancellation {unknown}
 p - a potion of haste {unknown}
 r - a potion of curing {unknown}
 z - a potion of magic


   Skills:
 + Level 4.5 Fighting
 * Level 5.8 Throwing
 - Level 1.7 Dodging
 + Level 2.3 Stealth


You had 5 spell levels left.
You didn't know any spells.
Your spell library contained the following spells:

 Spells                   Type           Power      Damage    Failure   Level
 Sandblast                Erth           0%         2d4       38%         1
 Passwall                 Tmut/Erth      0%         N/A       52%         2
 Static Discharge         Conj/Air       0%         N/A       52%         2
 Stone Arrow              Conj/Erth      0%         3d7       77%         3
 Dispel Undead            Necr           0%         3d6       99%         4
 Passage of Golubria      Tloc           0%         N/A       99%         4
 Sticky Flame             Conj/Fire      0%         2d3       99%         4
 Silence                  Hex/Air        0%         N/A       100%        5
 Lehudib's Crystal Spear  Conj/Erth      0%         10d2      100%        8


Dungeon Overview and Level Annotations

Branches:
Dungeon (4/15)
 Temple: D:4-7

Altars:


Innate Abilities, Weirdness & Mutations

You are too large for most types of armour.
You have tough skin. (AC +1)


Message History

Okay, then.
Throw: 2 throwing nets
Press: ? - help, Q - select action, (/) - cycle Shift-Dir - straight line, f/p - phantom
Aim: a phantom (heavily damaged, 48% to hit, immune to nets)
You throw a throwing net. The throwing net hits the phantom.
The net passes right through the phantom!
The phantom is heavily damaged.
The phantom hits you.
* * * LOW HITPOINT WARNING * * *
The phantom blinks!
You blink.
Throw: throwing net
Press: ? - help, Q - select action, (/) - cycle Shift-Dir - straight line, f/p - phantom
Aim: a phantom (heavily damaged, 48% to hit, immune to nets)
You throw a throwing net. The throwing net hits the phantom.
The net passes right through the phantom!
The phantom is heavily damaged.
The phantom hits you.
* * * LOW HITPOINT WARNING * * *
The phantom blinks!
You blink.
You hit the phantom but do no damage.
The phantom is heavily damaged.
The phantom closely misses you.
You hit the phantom.
The phantom is severely damaged.
You hit the phantom.
The phantom is severely damaged.
The phantom hits you!
* * * LOW HITPOINT WARNING * * *
You miss the phantom.
The phantom is severely damaged.
The phantom hits you but does no damage.
It was a potion of magic.
Magic courses through your body. The phantom hits you.
* * * LOW HITPOINT WARNING * * *
The phantom blinks!
You blink.
It was a potion of degeneration.
There was something very wrong with that liquid.
You feel weakened.
You feel dopey.
You feel clumsy. The phantom hits you!
You die...

#..#.##.##.########...#.######.#.
#..#.##............#..#.# #.....
#..#.#######.#####.#..#.# #....)
...#.# #.# #)#..#.# #..... ...#.#
#.#####....#.# ####'## ...#.#
#.#....###.#.# #....# ...#.#
#.#.....#....###.##### ...#.#
#.#..).(###........... #..#.##
#.#..@................ #.....#
#.#...W####........... #.>...#
#<#....# ##>§........ #.#...####
#.#....# ############ #.####...#
#.#....####...........
#÷####...###.#.§.....#...........
#........'...#....##.#...........
######...##........#.#...........
###########.####.....#...........


You could see a phantom.

Vanquished Creatures
  A hound (D:3)
  Natasha (thrice) (D:2)
  4 gnolls (D:3)
  3 adders (D:3)
  A dart slug (D:1)
  7 orcs (D:3)
  2 bats
  5 endoplasms
  3 giant cockroaches
  6 hobgoblins
  4 quokkas
  8 ball pythons (D:1)
  7 goblins
  5 kobolds
  5 rats
64 creatures vanquished.

Notes
Turn   | Place    | Note
-------+----------+-------------------------------------------
     0 | D:1      | AarnesTheHuman the Ogre Hunter began the quest for the Orb.
     0 | D:1      | Reached XP level 1. HP: 22/22 MP: 1/1
   590 | D:1      | Reached skill level 1 in Stealth
   590 | D:1      | Reached XP level 2. HP: 28/29 MP: 2/2
  1063 | D:1      | Found a faded altar of an unknown god.
  1130 | D:1      | Reached XP level 3. HP: 36/37 MP: 3/3
  1842 | D:2      | Noticed Natasha
  1846 | D:2      | Killed Natasha
  1847 | D:2      | Reached XP level 4. HP: 40/45 MP: 4/4
  2039 | D:2      | Noticed Natasha
  2040 | D:2      | Killed Natasha
  2041 | D:2      | Reached skill level 5 in Throwing
  2082 | D:2      | Noticed Natasha
  2083 | D:2      | Killed Natasha
  2517 | D:3      | Reached XP level 5. HP: 53/54 MP: 5/5
  3716 | D:3      | Reached XP level 6. HP: 33/63 MP: 6/6
  3948 | D:3      | HP: 2/63 [phantom (5)]
  3949 | D:3      | Mangled by a phantom

Illustrated notes

Levels and vault maps discovered:
D:1:      lightli_arrival_statuegarden, layout_basic,
          ebering_ecumenical_altar_abandoned, serial_forest,
          infiniplex_forest_straight_1, infiniplex_forest_pool,
          infiniplex_forest_clump_curved, infiniplex_forest_lined_room_,
          infiniplex_forest_lined_4_way, infiniplex_forest_straight_3,
          minmay_pentomino_t2
D:2:      layout_loops_cross, uniq_natasha
D:3:      layout_basic, hangedman_decor_diamond_cutter
D:4:      layout_loops_ring, minmay_temple_entry_arrows, portal_sewer_entry_e,
          minmay_shop_damaged, st_stairs_11

Skill      XL: |  1  2  3  4  5 |
---------------+----------------+-----
Stealth        | 1 2 |  2.3
Fighting       | 3 4 |  4.5
Throwing       | 5 |  5.8
Dodging        | |  1.7

Action                   |  1- 3 |  4- 6 || total
-------------------------+-------+-------++-------
Melee: Short sword       |    99 |   145 ||   244
Throw: Large rock        |     7 |     8 ||    15
       Javelin           |     4 |    12 ||    16
       Throwing net      |       |     2 ||     2
  Use: Scroll            |       |     3 ||     3
       Potion            |       |     2 ||     2
 Stab: Sleeping          |     2 |       ||     2
Armor: Robe              |    25 |    36 ||    61
Dodge: Dodged            |    50 |    69 ||   119

Table legend: (Time is in decaauts)
 A = Elapsed time spent in this place.
 B = Non-inter-level travel time spent in this place.
 C = Inter-level travel time spent in this place.
 D = Time resting spent in this place.
 E = Time spent auto-exploring this place.
 F = Levels seen in this place.
 G = Mean time per level.
                   A        B        C        D        E       F      G
               +--------+--------+--------+--------+--------+-----+--------+
         Total |   3967 |   3752 |    215 |    920 |   2130 |   4 |  991.8 |
       Dungeon |   3967 |   3752 |    215 |    920 |   2130 |   4 |  991.8 |
               +--------+--------+--------+--------+--------+-----+--------+

Top non-repeatable levels by time:
     D:1: 1567 daAuts
     D:3: 1404 daAuts
     D:2: 982 daAuts
     D:4: 13 daAuts
